 Dungeon Crawl Stone Soup version 0.28.0 (webtiles) character file.

Game seed: 11162959789111450355

97 SomeFlowers the Vexing (level 4, -3/35 HPs)
             Began as a Ghoul Arcane Marksman on Feb 14, 2022.
             Killed from afar by Natasha (4 damage)
             ... with a magic dart
             ... on level 2 of the Dungeon.
             The game lasted 00:03:57 (2230 turns).

SomeFlowers the Vexing (Ghoul Arcane Marksman)      Turns: 2230, Time: 00:03:57

Health: -3/35      AC:  3    Str: 13    XL:     4   Next: 68%
Magic:  4/4        EV: 11    Int: 10    God:
Gold:   44         SH:  0    Dex:  9    Spells: 4/5 levels left

rFire   . . .      SeeInvis .     - Unarmed
rCold   + . .      Faith    .   (no shield)
rNeg    + + +      Spirit   .   g - +0 leather armour
rPois   ∞          Reflect  .   (no helmet)
rElec   .          Harm     .   (no cloak)
rCorr   .          Rampage  .   (no gloves)
Will    .....                   (no boots)
Stlth   +.........              (no amulet)
HPRegen 0.00/turn               (no ring)
MPRegen 0.09/turn               (no ring)

@: brilliant, inhibited regen
A: claws 1, cold resistance 1, negative energy resistance 3, inhibited
regeneration, torment resistance 2
a: no special abilities


You were on level 2 of the Dungeon.
You visited 1 branch of the dungeon, and saw 2 of its levels.

You collected 44 gold pieces.

Inventory:

Hand Weapons
 a - a +0 hand crossbow
 k - a +2 mace of pain
Missiles
 b - 83 stones (quivered)
 c - 32 bolts
 j - 65 arrows
 m - 3 poisoned darts
Armour
 d - a +0 robe
 g - a +0 leather armour (worn)
Scrolls
 f - a scroll of magic mapping {unknown}
 h - a scroll of fear {unknown}
 i - a scroll of teleportation {unknown}
 l - a scroll of identify {unknown}
Potions
 e - a potion of brilliance


   Skills:
 - Level 1.1 Fighting
 * Level 1.0 Maces & Flails
 + Level 2.7 Crossbows
 - Level 1.7 Dodging
 - Level 1.3 Unarmed Combat
 - Level 1.0 Spellcasting
 + Level 3.2 Hexes
 * Level 1.1 Necromancy


You had 4 spell levels left.
You knew the following spells:

 Your Spells              Type           Power      Damage    Failure   Level
a - Slow                  Hex            40%        N/A       12%         1

Your spell library contained the following spells:

 Spells                   Type           Power      Damage    Failure   Level
 Foxfire                  Conj/Fire      0%         2x1d4     41%         1
 Inner Flame              Hex/Fire       5%         N/A       56%         3
 Portal Projectile        Hex/Tloc       10%        N/A       56%         3
 Cause Fear               Hex            5%         N/A       75%         4
 Conjure Flame            Conj/Fire      0%         6-21      78%         3
 Flame Wave               Conj/Fire      0%         2d4       99%         4


Dungeon Overview and Level Annotations

Branches:
Dungeon (2/15)

Altars:

Shops:
D:1 :

Annotations:
D:2 Natasha, Terence


Innate Abilities, Weirdness & Mutations

You thrive by killing the living.
You are immune to poison.
You have sharp fingernails.
Your flesh is cold resistant. (rC+)
You are immune to negative energy. (rN+++)
You do not regenerate when monsters are visible.
You are immune to unholy pain and torment.


Message History

c - 33 bolts (gained 1) Natasha, Servant of Life and Death comes into view.
She is carrying a wand of flame (13).
Natasha hisses angrily.
Natasha casts a spell at you. You resist with some effort.
a - a +0 hand crossbow (weapon)
Fire: 33 bolts
Press: ? - help, Q - select action, (/) - cycle Shift-Dir - straight line, f - Natasha
Aim: Natasha, carrying a wand of flame (13) (51% to hit)
You shoot a bolt. The bolt closely misses Natasha.
Natasha claws you.
You are now empty-clawed.
You closely miss Natasha. Natasha claws you.
You scratch Natasha.
Natasha is lightly wounded.
Natasha claws you.
You scratch Natasha.
Natasha is moderately wounded.
Natasha claws you but does no damage.
You barely miss Natasha.
Natasha is moderately wounded.
Natasha claws you!
You barely miss Natasha.
Natasha is moderately wounded.
Natasha zaps a wand.
The puff of flame hits you!
* * * LOW HITPOINT WARNING * * *
You scratch Natasha.
Natasha is heavily wounded.
Natasha mumbles some strange words.
You feel troubled. Natasha claws you!
* * * LOW HITPOINT WARNING * * *
It was a potion of brilliance.
You feel clever all of a sudden. Natasha barely misses you.
You scratch Natasha.
Natasha is severely wounded.
Natasha stares at you and mumbles some strange words.
The magic dart hits you.
You die...

#.# #.######...#...#..#.#
#.# #.# #.....#....#[#
#.# #.# #.#.#.#......#
#.###.# #.#.#.h.#.#..#
..##..######.#(#.....####
.###......##.#...#...#
.##.......##.#..###..#
..........#..##h###..#
.#........#.##..@....#
...#......#....###...#
..##.........### #...###
..##.....<#.## #.....##
...#.....)#.# ##..#..###
.#.##..#.##.# #.......#
.#....##..#.#
###)####..##
.###..###.#.# #...# #...#
.####.# #.#.# #.###
#...##


You could see Natasha.

Vanquished Creatures
  Natasha (twice) (D:2)
  2 adders (D:2)
  2 ball pythons
  An endoplasm (D:2)
  A giant cockroach (D:1)
  2 goblins
  2 hobgoblins (D:1)
  2 jackals (D:2)
  3 quokkas
  4 bats
  2 frilled lizards (D:1)
  6 kobolds
  3 rats (D:2)
32 creatures vanquished.

Notes
Turn   | Place    | Note
-------+----------+-------------------------------------------
     0 | D:1      | SomeFlowers the Ghoul Arcane Marksman began the quest for
                  | the Orb.
     0 | D:1      | Reached XP level 1. HP: 16/16 MP: 1/1
     3 | D:1      | Noticed a human
     3 | D:1      | Noticed a formicid
     5 | D:1      | Noticed a spriggan
     5 | D:1      | Noticed a draconian
     7 | D:1      | Noticed a dwarf
     9 | D:1      | Noticed an octopode
     9 | D:1      | Noticed a vampire
    11 | D:1      | Noticed a troll
    13 | D:1      | Noticed a vine stalker
    15 | D:1      | Noticed a naga
    15 | D:1      | Noticed an ogre
    17 | D:1      | Noticed a felid
    17 | D:1      | Noticed a ghoul
    19 | D:1      | Noticed an elf
    19 | D:1      | Noticed a minotaur
    21 | D:1      | Noticed a gargoyle
    23 | D:1      | Noticed a demonspawn
    25 | D:1      | Noticed a tengu
    25 | D:1      | Noticed a demigod
    27 | D:1      | Noticed a merfolk
   465 | D:1      | Reached XP level 2. HP: 23/23 MP: 2/2
   467 | D:1      | Found Hutrery's Book Shop.
  1046 | D:2      | Reached skill level 1 in Unarmed Combat
  1224 | D:2      | Reached skill level 3 in Hexes
  1224 | D:2      | Reached XP level 3. HP: 18/28 MP: 3/3
  1426 | D:2      | Noticed Natasha
  1444 | D:2      | Killed Natasha
  1455 | D:2      | Noticed Natasha
  1749 | D:2      | Reached XP level 4. HP: 28/35 MP: 4/4
  1911 | D:2      | Noticed Terence
  1972 | D:2      | Killed Natasha
  1973 | D:2      | Reached skill level 1 in Maces & Flails
  1973 | D:2      | Reached skill level 1 in Necromancy
  2217 | D:2      | Noticed Natasha
  2228 | D:2      | HP: 1/35 [Natasha (8)]
  2230 | D:2      | Killed from afar by Natasha

Illustrated notes

Levels and vault maps discovered:
D:1:      kb_arrival_jail, layout_loops_corners, serial_shops, shop
D:2:      layout_rooms, uniq_terence, uniq_natasha

Skill      XL: |  1  2  3  4 |
---------------+-------------+-----
Crossbows      | 2 |  2.7
Unarmed Combat | 1 |  1.3
Hexes          | 3 |  3.2
Maces & Flails | 1 |  1.0
Necromancy     | 1 |  1.1
Fighting       | |  1.1
Dodging        | |  1.7
Spellcasting   | |  1.0

Action                   |  1- 3 |  4- 6 || total
-------------------------+-------+-------++-------
Melee: Unarmed           |    97 |    18 ||   115
       Mace              |     4 |       ||     4
 Fire: Hand crossbow     |    14 |    12 ||    26
Throw: Stone             |     6 |       ||     6
 Cast: Slow              |     2 |     1 ||     3
  Use: Potion            |       |     1 ||     1
Armor: Robe              |     1 |       ||     1
       Leather armour    |    13 |     7 ||    20
Dodge: Dodged            |    68 |    10 ||    78
